 Dungeon Crawl Stone Soup version 0.18.1-48-g4cf74bf (webtiles) character file.

1101 TMPSMX the Cleaver (level 8, -6/96 HPs)
             Began as a Minotaur Berserker on Sept 11, 2016.
             Was an Elder of Trog.
             Mangled by a hill giant
             ... wielding a +0 giant club
              (34 damage)
             ... on level 6 of the Dungeon.
             The game lasted 00:27:53 (5160 turns).

TMPSMX the Cleaver (Minotaur Berserker)             Turns: 5160, Time: 00:27:53

Health: -6/96      AC:  9    Str: 27    XL:     8   Next: 10%
Magic:  7/7        EV:  8    Int:  4    God:    Trog [****..]
Gold:   99         SH:  0    Dex: 12    Spells: 0 memorised, 7 levels left

rFire  . . .     SeeInvis .     A - +0 war axe
rCold  . . .     Gourm    .     B - +0 plate armour
rNeg   . . .     Faith    .     (no shield)
rPois  .         Spirit   .     (helmet restricted)
rElec  .         Dismiss  .     r - +0 cloak
rCorr  .         Reflect  .     (no gloves)
SustAt .         Harm     .     (no boots)
MR     ++...                    (no amulet)
Stlth  ..........               (no ring)
                                j - -3 ring of protection (curse)

@: berserking, regenerating, very quick, very resistant to hostile enchantments,
extremely unstealthy
A: retaliatory headbutt, horns 2
a: Berserk, Trog's Hand, Brothers in Arms, Burn Spellbooks, Renounce Religion


You were on level 6 of the Dungeon.
You worshipped Trog.
Trog was greatly pleased with you.
You were not hungry.

You visited 1 branch of the dungeon, and saw 5 of its levels.

You collected 99 gold pieces.

Inventory:

Hand Weapons
 a - a +0 hand axe
 e - a +1 hand axe
 A - a +0 war axe (weapon)
Armour
 b - a +0 animal skin
 h - a +0 ring mail
 l - a +0 leather armour
 p - a +0 chain mail
 r - a +0 cloak (worn)
 B - a +0 plate armour (worn)
Jewellery
 j - a cursed -3 ring of protection (left hand)
Wands
 f - a wand of flame (23/48)
 q - a wand of random effects (22/48)
 v - a wand of lightning (8/15)
 x - a wand of lightning (2/15)
Scrolls
 n - a scroll of enchant weapon
 t - 2 scrolls of identify
 y - a scroll of fog {unknown}
Potions
 d - 2 potions of might
 k - a potion of haste {unknown}
 m - a potion of berserk rage {unknown}
 o - a potion of cancellation {unknown}
 s - a potion of curing {unknown}
 w - a potion of flight {unknown}
Comestibles
 c - 3 bread rations
 g - 2 meat rations
 i - a royal jelly
 z - a beef jerky


   Skills:
 - Level 3.6 Fighting
 * Level 11.7 Axes
 - Level 2.4 Armour
 - Level 2.1 Dodging


You had 7 spell levels left.
You didn't know any spells.

Dungeon Overview and Level Annotations

Branches:
Dungeon (4/15)
 Temple: D:4-7

Altars:
Ashenzari
Gozag
Kikubaaqudgha
Xom


Innate Abilities, Weirdness & Mutations

You reflexively headbutt those who attack you in melee.
You have a pair of horns on your head.


Message History

A quokka, an orc and a hill giant come into view.
The orc shouts!
The hill giant shouts!
Items here: )) [ ††† Butcher an orc corpse? [(y)es/(c)hoosy/(n)o/(a)ll/(e)dible/(q)uit/?]
You butcher the orc corpse.
The quokka bites you.
You stop butchering the corpses.
You hit the quokka.
You kill the quokka!
Trog accepts your kill.
The hill giant hits you with a giant club!!
Your skin crawls.
You feel resistant to hostile enchantments.
You feel slightly more hungry.
The hill giant hits you with a giant club!!
* * * LOW HITPOINT WARNING * * *
A red film seems to cover your vision as you go berserk!
You feel yourself moving faster!
You feel mighty!
You feel quite a bit more hungry.
The hill giant hits you with a giant club!!
You die...

...............#.#.#.####.#
......##.#.###.#.#.#......#
####..##.#...#.#.#.########
#..##.#.#.#.#.#.#####
#..##.#.#...........#
#..##.#######.#.###.#
#..##.. #.#.# #.# #..# ##
#.#.# #.# #..# #@#.# #.#
#... #C#.# #.#
####.########o#.# #.#
.....o...).#.# #.#
.....C##.....# #.# .....
#.....# .... #.....# ...
#.....# .. #.....#


You could see a hill giant and an orc.

Vanquished Creatures
  Menkaure (D:4)
  An orc warrior (D:6)
  A black bear (D:6)
  A jelly (D:6)
  2 scorpions
  Crazy Yiuf (D:3)
  5 orc priests
  6 orc wizards
  Ijyb (D:3)
  Natasha (twice) (D:3)
  2 worker ants (D:4)
  5 adders
  An ooze (D:1)
  2 worms
  5 dart slugs
  4 giant geckos
  17 orcs
  11 bats
  5 giant cockroaches
  4 goblins
  6 hobgoblins
  13 jackals
  5 kobolds
  6 quokkas
  3 giant newts
  A quokka zombie (D:6)
  5 rats (D:1)
116 creatures vanquished.

Vanquished Creatures (others)
  A human (D:2)
1 creature vanquished.

Grand Total: 117 creatures vanquished

Notes
Turn   | Place    | Note
--------------------------------------------------------------
     0 | D:1      | TMPSMX the Minotaur Berserker began the quest for the Orb.
     0 | D:1      | Reached XP level 1. HP: 19/19 MP: 0/0
    28 | D:1      | Reached skill level 4 in Axes
   141 | D:1      | Reached XP level 2. HP: 18/26 MP: 1/1
  1042 | D:2      | Reached skill level 5 in Axes
  1089 | D:2      | Reached ** piety under Trog
  1098 | D:2      | Reached XP level 3. HP: 26/31 MP: 2/2
  1195 | D:2      | Found an ancient bone altar of Kikubaaqudgha.
  1195 | D:2      | Noticed a human
  1198 | D:2      | Killed a human
  1889 | D:2      | Reached skill level 6 in Axes
  1889 | D:2      | Reached XP level 4. HP: 32/39 MP: 3/3
  2082 | D:3      | Found a shattered altar of Ashenzari.
  2330 | D:3      | Noticed Natasha
  2342 | D:3      | Killed Natasha
  2853 | D:3      | Reached *** piety under Trog
  2858 | D:3      | Reached skill level 7 in Axes
  2858 | D:3      | Reached XP level 5. HP: 30/45 MP: 4/4
  3019 | D:3      | Found a shimmering altar of Xom.
  3295 | D:3      | Noticed Ijyb
  3296 | D:3      | Reached skill level 8 in Axes
  3320 | D:3      | Reached XP level 6. HP: 42/51 MP: 5/5
  3334 | D:3      | Killed Ijyb
  3507 | D:3      | Reached skill level 9 in Axes
  3581 | D:3      | Found a faded altar to an unknown god.
  3707 | D:3      | Noticed Natasha
  3715 | D:3      | Killed Natasha
  3813 | D:3      | Noticed Crazy Yiuf
  3830 | D:3      | Killed Crazy Yiuf
  4240 | D:4      | Noticed Menkaure
  4257 | D:4      | Killed Menkaure
  4257 | D:4      | Reached skill level 10 in Axes
  4257 | D:4      | Reached XP level 7. HP: 15/57 MP: 6/6
  4495 | D:4      | Reached **** piety under Trog
  4562 | D:4      | Found an opulent altar of Gozag.
  4596 | D:4      | You fall through a shaft for 2 floors!
  4880 | D:6      | Reached skill level 11 in Axes
  5023 | D:6      | Reached XP level 8. HP: 46/64 MP: 7/7
  5150 | D:6      | Noticed a hill giant
  5160 | D:6      | Mangled by a hill giant

Skill      XL: |  1  2  3  4  5  6  7 |
---------------+----------------------+-----
Axes           | 4 5 6 7 8 10 11 | 11.7
Fighting       | |  3.6
Armour         | |  2.4
Dodging        | |  2.1

Action                   |  1- 3 |  4- 6 |  7- 9 || total
-------------------------+-------+-------+-------++-------
Melee: Hand axe          |   112 |   178 |    49 ||   339
       Headbutt          |    13 |    40 |    20 ||    73
       War axe           |       |       |    20 ||    20
Invok: Berserk           |       |     2 |     2 ||     4
       Trog's Hand       |       |     1 |     2 ||     3
  Use: Scroll            |     5 |     1 |       ||     6
 Stab: Sleeping          |     1 |       |       ||     1
  Eat: Chunk             |     3 |     9 |     5 ||    17
Armor: Animal skin       |     5 |       |       ||     5
       Ring mail         |    37 |    15 |       ||    52
       Chain mail        |       |    25 |    18 ||    43
       Plate armour      |       |       |     8 ||     8
Dodge: Dodged            |    58 |    57 |    23 ||   138
